 Dungeon Crawl Stone Soup version 0.31-a0-986-g5e6e4ef867 (webtiles) character file.

Game seed: 10452518334864399720

264310 gebbletook2 the Warrior (level 19, -1/163 HPs)
             Began as a Mummy Fighter on Nov 21, 2023.
             Was an Initiate of Gozag.
             Killed by divine providence
             ... invoked by a deep elf high priest
              (14 damage)
             ... on level 3 of the Elven Halls.
             The game lasted 01:42:43 (34310 turns).

gebbletook2 the Warrior (Mummy Fighter)            Turns: 34310, Time: 01:42:44

Health: -1/163     AC: 35    Str: 25    XL:     19   Next: 27%
Magic:  19/19      EV: 16    Int:  4    God:    Gozag
Gold:   3034       SH:  8    Dex: 11    Spells: 18/18 levels left

rFire   + + .        a - +5 war axe (protect)
rCold   + + +        W - +1 buckler {AC+3}
rNeg    + + +        j - +8 chain mail "Zergh" {rN+++ Int-3 Dex-3 SInv}
rPois   ∞            v - +1 helmet "Xozo" {rF+ Regen+}
rElec   +            B - scarf {rC+ rF+}
rCorr   +            b - +0 pair of gloves
SInv    +            m - +3 pair of mountain boots {steadfast, rC+}
Will    ++...        t - amulet of regeneration Stlth
                     i - +4 ring of protection
HPRegen 2.07/turn    q - +5 ring of evasion
MPRegen 0.16/turn

%: faith
@: mighty, about to teleport, resistant, hasted, studying Hexes, very quick
A: cold resistance 1, negative energy resistance 3, torment resistance 2, heat
vulnerability 1, in touch with death 2, no potions, faith
}: 2/15 runes: decaying, gossamer
a: Renounce Religion, Potion Petition, Call Merchant, Bribe Branch


You were on level 3 of the Elven Halls.
You worshipped Gozag.
Gozag was most pleased with you.
You visited 7 branches of the dungeon, and saw 34 of its levels.
You visited 1 bazaar.
You also visited: Sewer, Bailey and Ice Cave.

You collected 13618 gold pieces.
You spent 2559 gold pieces at shops.
You paid 8025 gold pieces to Gozag.

Inventory:

Hand Weapons
 a - a +5 war axe of protection (weapon)
 x - a +3 hand axe of flaming
 N - a +2 vampiric hand axe
Missiles
 f - 33 poisoned darts (quivered)
 n - 11 javelins
 s - 5 silver javelins
 y - 26 boomerangs
 A - 2 curare-tipped darts
 S - 2 throwing nets
Armour
 b - a +0 pair of gloves (worn)
 j - the +8 chain mail "Zergh" (worn) {rN+++ Int-3 Dex-3 SInv}
   (You found it on level 3 of the Dungeon)

   Int-3:     It affects your intelligence (-3).
   Dex-3:     It affects your dexterity (-3).
   rN+++:     It renders you almost immune to negative energy.
   SInv:      It lets you see invisible.
 l - +0 storm dragon scales
 m - the +3 pair of mountain boots (worn) {steadfast, rC+}
   (You acquired it on level 8 of the Dungeon)

   Steadfast: It prevents involuntary movement, except for blinking,
   teleportation, or banishment.
   rC+:       It protects you from cold.
 v - the +1 helmet "Xozo" (worn) {rF+ Regen+}
   (You acquired it in a bailey)

   rF+:       It protects you from fire.
   Regen+:    It increases your rate of health regeneration.
 w - a +2 helmet of see invisible
 B - a scarf of resistance (worn)
 U - the +10 tower shield of Ignorance {rN+ Int-4}
   (You found it on level 1 of the Spider Nest)

   Int-4:     It affects your intelligence (-4).
   rN+:       It protects you from negative energy.
 W - a +1 buckler of protection (worn)
Jewellery
 h - a +6 ring of intelligence
 i - a +4 ring of protection (left hand)
 q - a +5 ring of evasion (right hand)
 t - an amulet of regeneration (around neck)
 u - a ring of flight
 J - a +5 ring of evasion
 M - a +4 ring of slaying
 Q - a ring of resist corrosion
 R - the amulet "Hikuo" {Reflect Will+ SH+5}
   (You found it on level 3 of the Swamp)

   [amulet of reflection]

   Reflect:   It reflects blocked missile attacks.
   Will+:     It increases your willpower.
   SH+5:      It affects your SH (+5).
Wands
 c - a wand of charming (8)
 e - a wand of mindburst (7)
 o - a wand of flame (87)
 z - a wand of digging (10)
 D - a wand of iceblast (2)
 E - a wand of polymorph (9)
 V - a wand of quicksilver (5)
Scrolls
 d - 6 scrolls of fog
 g - 8 scrolls of enchant armour
 k - 4 scrolls of teleportation
 p - 18 scrolls of identify
 r - 2 scrolls of blinking
 C - a scroll of silence
 F - 6 scrolls of immolation
 H - 5 scrolls of poison
 I - 5 scrolls of fear
 K - 2 scrolls of brand weapon
 L - 6 scrolls of revelation
Miscellaneous
 G - a phial of floods
 O - a lightning rod (4/4)
 P - a phantom mirror
 T - a box of beasts


   Skills:
 * Level 18.2 Fighting
 + Level 16.1 Axes
 - Level 6.0 Throwing
 + Level 10.3 Armour
 + Level 7.7 Dodging
 * Level 12.2 Shields
 * Level 11.4 Evocations


You had 18 spell levels left.
You didn't know any spells.
Your spell library contained the following spells:

 Spells                   Type           Power      Damage    Failure   Level
 Magic Dart               Conj           0%         1d3       95%         1
 Call Imp                 Summ           0%         N/A       98%         2
 Lesser Beckoning         Tloc           0%         N/A       98%         2
 Poisonous Vapours        Pois/Air       0%         N/A       98%         2
 Frozen Ramparts          Ice            0%         1d1       100%        3
 Inner Flame              Hex/Fire       0%         N/A       100%        3
 Mephitic Cloud           Conj/Pois/Air  0%         N/A       100%        3
 Volatile Blastmotes      Fire/Tloc      0%         2d10      100%        3
 Cause Fear               Hex            0%         N/A       100%        4
 Flame Wave               Conj/Fire      0%         2d4       100%        4
 Manifold Assault         Tloc           0%         N/A       100%        4
 Petrify                  Tmut/Erth      0%         N/A       100%        4
 Sticky Flame             Conj/Fire      0%         2d3       100%        4
 Summon Ice Beast         Ice/Summ       0%         N/A       100%        4
 Summon Lightning Spire   Summ/Air       0%         N/A       100%        4
 Vhi's Electric Charge    Tloc/Air       0%         N/A       100%        4
 Arcjolt                  Conj/Air       0%         1d10      100%        5
 Borgnjor's Vile Clutch   Necr/Erth      0%         N/A       100%        5
 Fireball                 Conj/Fire      0%         3d3       100%        5
 Freezing Cloud           Conj/Ice/Air   0%         6-21      100%        5
 Metabolic Englaciation   Hex/Ice        0%         N/A       100%        5
 Summon Mana Viper        Hex/Summ       0%         N/A       100%        5
 Conjure Ball Lightning   Conj/Air       0%         3x3d6     100%        6
 Death Channel            Necr           0%         N/A       100%        6
 Dispersal                Tloc           0%         N/A       100%        6
 Plasma Beam              Fire/Air       0%         2x1d10    100%        6
 Malign Gateway           Summ/Tloc      0%         N/A       100%        7
 Monstrous Menagerie      Summ           0%         N/A       100%        7
 Discord                  Hex            0%         N/A       100%        8
 Disjunction              Tloc           0%         N/A       100%        8
 Dragon's Call            Summ           0%         N/A       100%        9
 Animate Dead             Necr           Unusable   N/A       N/A         4

Dungeon Overview and Level Annotations

Branches:
Dungeon (15/15)            Temple (1/1) D:4            Lair (5/5) D:10
  Swamp (4/4) Lair:2       Spider (4/4) Lair:2        Slime (0/5) Lair:4
    Orc (2/2) D:12            Elf (3/3) Orc:2        Vaults (0/5) D:13
 Depths (0/4) D:15          Sewer (visited)          Bailey (visited)
  IceCv (visited)

Altars:
Ashenzari
Cheibriados
Dithmenos
Fedhas
Gozag
Hepliaklqana
Kikubaaqudgha
Makhleb
Nemelex Xobeh
Okawaru
Qazlal
Ru
Sif Muna
Trog
Uskayaw
Vehumet
Wu Jian
Xom
Yredelemnul
Jiyva

Shops:
D:1 =   D:9 (   D:10 (!   D:11 *   Orc:2 :([*

Portals:
Trove: Elf:1 (give 8 scrolls of fear)


Innate Abilities, Weirdness & Mutations

You are immune to poison.
Your flesh is cold resistant. (rC+)
You are immune to negative energy. (rN+++)
You are immune to unholy pain and torment.
You are vulnerable to heat. (rF-)
You are strongly in touch with the powers of death.
You do not drink.
You have a special connection with the divine. (Faith)


Message History

A deep elf death mage comes into view. It is wielding a +0 dagger.
An orc warrior comes into view. It is wielding a +0 dire flail.
The deep elf elementalist misses you.
A deep elf sorcerer comes into view. It is wielding a +0 dagger.
A deep elf demonologist comes into view.
It is wielding a +0 long sword.
A warg comes into view.
The air elemental completely misses you.
The hellwing swoops through the air toward you!
You block the hellwing's attack. x2
You block the air elemental's attack.
The deep elf annihilator closely misses you.
Unknown command.
The air elemental hits you but does no damage. x2
Unknown command.
The warg attacks as it pursues you! The warg bites you but does no damage.
The deep elf elementalist gestures wildly while chanting.
The deep elf elementalist seems to speed up.
You hear a howl!
You hear a shout! x4
The deep elf elementalist gestures next to you while chanting.
The wall shatters!
The blast of rock fragments hits you but does no damage.
The warg attacks as it pursues you! The warg misses you.
The deep elf annihilator points at you and mumbles some strange words.
The crystal spear hits you!!
* * * LOW HITPOINT WARNING * * *
You hear a shout! x2 7 elves and an orc wizard come into view.
A deep elf demonologist is wielding a +0 short sword and wearing a +2 robe of willpower.
Found a scroll of identify.
The deep elf demonologist shouts!
The deep elf death mage shouts!
The deep elf demonologist shouts! x2; The deep elf death mage shouts!
The deep elf demonologist shouts!
The warg howls!
The orc wizard shouts!
The orc warrior shouts!
As you read the scroll of teleportation, it crumbles to dust.
You feel strangely unstable.
The deep elf high priest calls down the wrath of its god upon you.
Something smites you!
You die...
Your body crumbles into a pile of gold.

..... ....#
## ##.#
###...#
###..?..#
###.....#.#
#....@##..#
...(...#.#..#
ee...###eeE.#


eoee ##ehe..# .oee.#e.e...# e.e...oe....# e...........# ...........#
..........## You could see a deep elf blademaster, a deep elf annihilator, 3
deep elf death magi, 2 deep elf elementalists, 4 deep elf demonologists, a deep
elf high priest, an air elemental, a warg, an orc warrior, a +2 heavy halberd
and an orc wizard.

Vanquished Creatures
  Mara (Spider:3)
  Arachne (Spider:3)
  Jorgrun (Spider:3)
  Asterion (Spider:4)
  Rupert (Lair:3)
  Frances (D:14)
  Aizul (Elf:1)
  Kirke (D:12)
  2 deep elf sorcerers (Elf:1)
  Louise (Elf:1)
  2 deep elf elementalists
  3 emperor scorpions
  2 orc warlords
  3 ghost moths
  A very ugly thing (D:14)
  4 broodmothers
  A reaper (IceCv)
  An eleionoma (Swamp:2)
  Azrael (Spider:2)
  A deep elf demonologist (Elf:1)
  A deep elf annihilator (Elf:3)
  A bunyip (Swamp:3)
  2 spark wasps (Spider:4)
  A fire dragon (D:15)
  Snorg (D:13)
  Josephine (Swamp:1)
  3 entropy weavers
  A shambling mangrove (Swamp:4)
  7 alligators
  An ogre mage (D:15)
  6 centaur warriors
  5 boulder beetles
  13 hydras
  4 radroaches
  8 ghost crabs
  A merfolk avatar (Swamp:3)
  8 two-headed ogres
  27 dancing weapons
  A tengu warrior (D:15)
  12 demonic crawlers
  14 death yaks
  A spriggan berserker (Swamp:4)
  Nergalle (D:10)
  A deep troll earth mage (D:15)
  21 deep elf knights
  7 orc high priests
  7 skeletal warriors
  A skyshark (Lair:5)
  Amaemon (D:9)
  A skyshark (shapeshifter) (D:14)
  3 pharaoh ants
  6 spriggan druids
  3 goliath frogs
  3 sun moths
  12 swamp dragons
  9 bog bodies
  8 orb spiders
  An arcanist (D:15)
  A lindwurm (shapeshifter) (Elf:1)
  8 steelbarb worms
  A necromancer (D:9)
  12 deep elf archers
  2 orc knights (Orc:2)
  23 deep elf zephyrmancers
  4 orc sorcerers
  19 deep elf pyromancers
  A harpy (D:14)
  11 ugly things
  7 cyclopes
  13 wolf spiders
  7 elephants
  4 moths of wrath
  A cyclops (shapeshifter) (D:14)
  6 will-o-the-wisps
  5 black mambas
  3 manticores
  2 ice statues (IceCv)
  An orange demon (D:10)
  18 cane toads
  7 torpor snails
  2 apocalypse crabs (Swamp:3)
  6 kobold demonologists
  3 unseen horror zombies (D:9)
  An unseen horror (D:13)
  9 rime drakes
  A yaktaur (shapeshifter) (D:14)
  9 komodo dragons
  3 tengu conjurers (D:15)
  A freezing wraith (D:14)
  An efreet (D:15)
  An anaconda simulacrum (IceCv)
  7 ice devils (IceCv)
  3 unseen horror skeletons (D:9)
  6 trolls
  A meliai (shapeshifter) (D:13)
  7 meliai (Spider:4)
  3 polar bears
  15 hornets
  Grinder (Sewer)
  9 tyrant leeches
  A raiju (shapeshifter) (Elf:1)
  26 blink frogs
  14 tarantellas
  A dream sheep (shapeshifter) (Elf:1)
  2 dream sheep (Lair:5)
  7 culicivoras
  16 jumping spiders
  9 slime creatures
  4 flying skulls (D:9)
  A vampire (D:10)
  3 shadows
  5 wyverns
  A ynoxinul (Swamp:3)
  12 spriggans
  2 dire elephant simulacra (IceCv)
  An air elemental (Elf:1)
  A human (D:12)
  38 yaks
  A centaur simulacrum (D:15)
  7 water elementals
  10 wraiths
  4 hogs (D:12)
  5 fire elementals (Spider:2)
  31 vampire mosquitoes
  A basilisk (Lair:1)
  2 steam dragons
  40 redbacks
  Edmund (D:5)
  4 wargs
  7 harpy simulacra (IceCv)
  Duvessa (D:5)
  2 acid dragons
  13 water moccasins
  14 swamp worms
  2 hell hounds (Spider:2)
  7 swamp drakes
  An ice beast (D:7)
  3 black bears
  38 orc warriors
  12 ogres
  6 wolves (Lair:1)
  2 centaurs
  5 kobold brigands
  20 bullfrogs
  Blork the orc (D:5)
  2 earth elementals
  A two-headed ogre simulacrum (IceCv)
  4 scorpions
  2 jellies
  Dowan (D:5)
  A wyvern skeleton (D:9)
  22 wights
  6 killer bees (D:8)
  10 electric eels
  9 howler monkeys
  A crimson imp (D:4)
  16 orc priests
  2 quasits (Sewer)
  3 centaur zombies (D:9)
  3 hounds
  2 gnoll boudas
  5 sleepcaps
  6 iguanas
  Jessica (D:3)
  3 centaur skeletons (D:9)
  Ijyb (D:3)
  16 orc wizards
  4 hell rats (Lair:5)
  A troll simulacrum (IceCv)
  A wolf simulacrum (IceCv)
  A killer bee zombie (D:9)
  A polar bear simulacrum (IceCv)
  A boggart simulacrum (D:15)
  3 howler monkey zombies (D:9)
  9 adders
  18 gnolls
  2 howler monkey skeletons (D:9)
  A river rat (D:5)
  2 shadow imps
  3 white imps
  2 ufetubi (Sewer)
  4 worms
  A dart slug (D:2)
  89 orcs
  9 ball pythons
  3 endoplasms
  6 giant cockroaches
  14 goblins
  23 hobgoblins
  A jackal (D:1)
  5 quokkas
  7 bats
  3 frilled lizards
  35 kobolds
  A kobold zombie (Sewer)
  5 rats
1235 creatures vanquished.

Vanquished Creatures (collateral kills)
  Nikola (Spider:1)
1 creature vanquished.

Vanquished Creatures (others)
  A spriggan berserker (Swamp:4)
  3 deep elf knights
  A shadow wraith (D:13)
  4 deep elf zephyrmancers
  A moth of wrath (Spider:3)
  An unseen horror (D:12)
  A cane toad (Lair:1)
  A bloated husk (Swamp:1)
  2 tyrant leeches (Spider:3)
  A tarantella (Spider:1)
  A jumping spider (Spider:1)
  A swamp drake (Swamp:4)
  3 giant cockroach zombies (Sewer)
  32 foxfires
53 creatures vanquished.

Grand Total: 1289 creatures vanquished

Notes
Turn   | Place    | Note
-------+----------+-------------------------------------------
     0 | D:1      | gebbletook2 the Mummy Fighter began the quest for the Orb.
     0 | D:1      | Reached XP level 1. HP: 18/18 MP: 1/1
    59 | D:1      | Reached XP level 2. HP: 17/24 MP: 2/2
   217 | D:1      | Reached skill level 4 in Fighting
   529 | D:1      | Found Hoejib's Jewellery Emporium.
   599 | D:1      | Reached XP level 3. HP: 29/30 MP: 3/3
  1222 | D:2      | You fall into a shaft and drop 2 floors!
  1285 | D:4      | Reached skill level 5 in Fighting
  1285 | D:4      | Reached XP level 4. HP: 29/39 MP: 4/4
  1421 | D:3      | Noticed Ijyb
  1435 | D:3      | Killed Ijyb
  1578 | D:3      | Found a broken altar of Ashenzari.
  1600 | D:3      | Reached XP level 5. HP: 45/46 MP: 5/5
  1666 | D:3      | Identified the +8 chain mail "Zergh" {rN+++ Int-3 Dex-3
                  | SInv}
  1915 | D:3      | Found a snail-covered altar of Cheibriados.
  1938 | D:3      | Found a bloodstained altar of Trog.
  2042 | D:3      | Noticed Jessica
  2049 | D:3      | Killed Jessica
  2266 | D:4      | Found a shimmering altar of Xom.
  2272 | D:4      | Reached skill level 6 in Fighting
  2275 | D:4      | Found a burning altar of Makhleb.
  2321 | D:4      | Found a staircase to the Ecumenical Temple.
  2391 | Temple   | Entered the Ecumenical Temple
  2418 | Temple   | Became a worshipper of Gozag Ym Sagoz the Greedy
  2507 | D:4      | Reached XP level 6. HP: 24/52 MP: 6/6
  2528 | D:4      | Reached skill level 1 in Evocations
  2577 | D:4      | Reached skill level 1 in Dodging
  2951 | D:5      | Entered Level 5 of the Dungeon
  2951 | D:5      | Noticed Duvessa
  2951 | D:5      | Noticed Dowan
  2981 | D:5      | Killed Dowan
  2982 | D:5      | Killed Duvessa
  2983 | D:5      | Reached XP level 7. HP: 32/59 MP: 7/7
  2993 | D:5      | Noticed Blork the orc
  3006 | D:5      | Killed Blork the orc
  3081 | D:5      | Found a glowing drain.
  3099 | Sewer    | Entered a sewer
  3280 | Sewer    | Found a burning altar of Makhleb.
  3344 | Sewer    | Noticed Grinder
  3345 | Sewer    | Paralysed by Grinder for 4 turns
  3372 | Sewer    | Killed Grinder
  3373 | Sewer    | Reached XP level 8. HP: 40/65 MP: 8/8
  3408 | Sewer    | Identified the +2 ring mail of the Game of Life {Fly Will+
                  | Dex+2 Stlth+}
  3887 | D:5      | Noticed Edmund
  3889 | D:5      | Reached skill level 7 in Fighting
  4209 | D:5      | Killed Edmund
  4632 | D:1      | Bought a +5 ring of evasion for 468 gold pieces
  4720 | D:5      | Reached skill level 5 in Axes
  4798 | D:5      | Reached XP level 9. HP: 72/72 MP: 9/9
  5071 | D:6      | Reached skill level 1 in Throwing
  6225 | D:7      | Reached skill level 8 in Fighting
  6562 | D:7      | Found a blossoming altar of Fedhas.
  6678 | D:8      | Identified a scroll of acquirement
  6678 | D:8      | Acquired the +3 pair of mountain boots {steadfast, rC+}
  6678 | D:8      | Found the +3 pair of mountain boots {steadfast, rC+}
  6708 | D:8      | Reached XP level 10. HP: 80/80 MP: 10/10
  6787 | D:8      | Found a flagged portal.
  6812 | Bailey   | Entered a bailey
  7026 | Bailey   | Acquired the +1 helmet "Xozo" {rF+ Regen+}
  7210 | Bailey   | Found an iron altar of Okawaru.
  7231 | Bailey   | Noticed an orange demon
  7237 | Bailey   | Reached skill level 9 in Fighting
  8196 | D:9      | Noticed a seven-headed hydra
  8197 | D:9      | Found Sujos's Hydra Hut.
  8248 | D:9      | Found a basalt altar of Yredelemnul.
  8255 | D:9      | Noticed a two-headed ogre
  8269 | D:9      | Killed a two-headed ogre
  8336 | D:9      | Reached XP level 11. HP: 59/89 MP: 11/11
  8406 | D:9      | Reached skill level 5 in Shields
  8572 | D:9      | Noticed a necromancer
  8593 | D:9      | Killed a necromancer
  8769 | D:9      | Noticed a skeletal warrior
  8838 | D:9      | Killed a skeletal warrior
  8839 | D:9      | Reached skill level 10 in Fighting
  9172 | D:10     | Entered Level 10 of the Dungeon
  9172 | D:10     | Noticed Amaemon
  9200 | D:9      | Killed Amaemon
  9347 | D:10     | Noticed Nergalle
  9397 | D:10     | Killed Nergalle
  9485 | D:10     | Found a staircase to the Lair.
  9560 | D:10     | Found Worghomegh's Distillery.
  9669 | D:10     | Found Vange's Weapon Shoppe.
  9686 | D:10     | Noticed a two-headed ogre
  9712 | D:10     | Killed a two-headed ogre
  9713 | D:10     | Reached skill level 5 in Armour
  9713 | D:10     | Reached XP level 12. HP: 92/98 MP: 12/12
  9765 | D:10     | Found a radiant altar of Vehumet.
  9825 | D:14     | Identified the "Suothodeca"
  9825 | Lair:1   | Entered Level 1 of the Lair of Beasts
 10019 | Lair:1   | Noticed a death yak
 10021 | Lair:1   | Noticed a death yak
 10021 | Lair:1   | Noticed a death yak
 10048 | Lair:1   | Killed a death yak
 10053 | Lair:1   | Killed a death yak
 10055 | Lair:1   | Killed a death yak
 10134 | Lair:1   | Reached skill level 5 in Dodging
 10137 | Lair:1   | Reached skill level 5 in Evocations
 10141 | Lair:1   | Reached skill level 10 in Axes
 10301 | Lair:1   | Reached skill level 11 in Fighting
 10489 | Lair:1   | Found the +4 skin of Zhor {*Englaciate rC+++ SInv}
 11080 | Lair:2   | Found a staircase to the Swamp.
 11101 | Lair:2   | Gained mutation: You are strongly in touch with the powers
                  | of death. [Mummy growth]
 11101 | Lair:2   | Reached XP level 13. HP: 106/106 MP: 13/13
 11423 | Lair:2   | Identified the +0 chain mail of Hangman {MP+9}
 11537 | Lair:2   | Found a hole to the Spider Nest.
 11672 | Lair:3   | Found a frozen archway.
 11701 | IceCv    | Entered an ice cave
 12192 | IceCv    | Noticed a reaper
 12229 | IceCv    | Killed a reaper
 12234 | IceCv    | Identified the +4 steam dragon scales of the Pleiades
                  | {Will+ Regen+ MP+9 Int-5}
 12463 | Lair:3   | Noticed Rupert
 12504 | Lair:3   | Paralysed by Rupert for 3 turns
 12535 | Lair:3   | Killed Rupert
 12536 | Lair:3   | Reached skill level 12 in Fighting
 13750 | Lair:4   | Found a viscous altar of Jiyva.
 13754 | Lair:4   | Found a staircase to the Slime Pits.
 13927 | Lair:5   | Entered Level 5 of the Lair of Beasts
 14189 | Lair:5   | Reached XP level 14. HP: 104/116 MP: 14/14
 14629 | Lair:5   | HP: 2/116 [blink frog (13)]
 14875 | Lair:5   | Reached skill level 13 in Fighting
 15396 | Lair:5   | Identified the +0 robe of Neahule {rPois}
 15674 | D:11     | Found Baus's CLEARANCE SALE!.
 16726 | D:12     | Found a staircase to the Orcish Mines.
 16853 | D:12     | Noticed Kirke
 16886 | D:12     | Killed Kirke
 17100 | D:13     | Found a gate to the Vaults.
 17164 | D:13     | Reached XP level 15. HP: 105/125 MP: 15/15
 17254 | D:13     | Found a flickering gateway to a bazaar.
 17263 | Bazaar   | Entered a bazaar
 17263 | Bazaar   | Found Silober's Magic Scroll Shop.
 17263 | Bazaar   | Found Deittez's Antique Armour Boutique.
 17263 | Bazaar   | Found Faem's Antique Weapon Boutique.
 17263 | Bazaar   | Found Moreira's Distillery.
 17332 | Bazaar   | Bought a scroll of acquirement for 624 gold pieces
 17332 | Bazaar   | Bought a scroll of poison for 48 gold pieces
 17332 | Bazaar   | Bought a scroll of teleportation for 36 gold pieces
 17332 | Bazaar   | Bought a scroll of revelation for 90 gold pieces
 17332 | Bazaar   | Bought a scroll of blinking for 90 gold pieces
 17332 | Bazaar   | Acquired 802 gold pieces
 17394 | D:13     | Noticed Snorg
 17420 | D:13     | Killed Snorg
 18320 | D:14     | Reached skill level 14 in Fighting
 18411 | D:14     | Noticed Frances
 18442 | D:14     | Killed Frances
 19104 | D:15     | Entered Level 15 of the Dungeon
 19688 | D:15     | Found a staircase to the Depths.
 20338 | Orc:1    | Entered Level 1 of the Orcish Mines
 20527 | Orc:2    | Entered Level 2 of the Orcish Mines
 20999 | Orc:2    | Found Elugoh's General Store.
 21047 | Orc:2    | Bought a scroll of enchant weapon for 97 gold pieces
 21047 | Orc:2    | Bought a throwing net for 39 gold pieces
 21130 | Orc:2    | Found Kaxebb's Antique Weapon Boutique.
 21153 | Orc:2    | Reached XP level 16. HP: 111/134 MP: 16/16
 21352 | Orc:2    | Found Waemuxif's Antique Armour Shop.
 21357 | Orc:2    | Reached skill level 15 in Fighting
 21427 | Orc:2    | Found a staircase to the Elven Halls.
 21436 | Orc:2    | Bought a pair of runed boots for 165 gold pieces
 21436 | Orc:2    | Bought a shiny helmet for 165 gold pieces
 21436 | Orc:2    | Bought a shiny plate armour for 572 gold pieces
 21436 | Orc:2    | Bought a runed buckler for 165 gold pieces
 21653 | Orc:2    | Found Siqat's Book Shoppe.
 22229 | Swamp:1  | Entered Level 1 of the Swamp
 22306 | Swamp:1  | Noticed Josephine
 22320 | Swamp:1  | Killed Josephine
 23219 | Swamp:2  | Reached skill level 10 in Shields
 23600 | Swamp:3  | Identified the +9 great sword of Currency {heavy, rN+ MP+9
                  | Dex+3}
 24044 | Swamp:3  | Found a runed translucent door.
 24239 | Swamp:3  | Identified the amulet "Hikuo" {Reflect Will+ SH+5}
 24239 | Swamp:3  | Found the +7 mace of Variability {chaos, chaos arc}
 24243 | Swamp:3  | Paralysed by you for 3 turns
 24498 | Swamp:4  | Identified the "Rogoomoc"
 24498 | Swamp:4  | Entered Level 4 of the Swamp
 24724 | Swamp:4  | Reached skill level 16 in Fighting
 25285 | Swamp:4  | Reached XP level 17. HP: 53/144 MP: 17/17
 25473 | Swamp:4  | HP: 6/144 [constriction (11)]
 25605 | Swamp:4  | Got a decaying rune of Zot
 25792 | Spider:1 | Entered Level 1 of the Spider Nest
 25816 | Spider:1 | Noticed Nikola
 25834 | Spider:1 | Killed Nikola
 26263 | Spider:1 | Found the +10 tower shield of Ignorance {rN+ Int-4}
 26264 | Spider:1 | Identified the +4 shortbow "Nopn" {drain, rF- Str+8 Int-2
                  | SInv}
 26565 | Spider:2 | Noticed Azrael
 26584 | Spider:2 | Killed Azrael
 26715 | Spider:2 | Reached skill level 10 in Evocations
 26760 | Spider:2 | Reached skill level 15 in Axes
 27317 | Spider:3 | Noticed Jorgrun
 27324 | Spider:3 | Noticed Mara
 27325 | Spider:3 | Killed Jorgrun
 27338 | Spider:3 | HP: 2/146 [radroach (22)]
 27357 | Spider:3 | Noticed gebbletook2's illusion
 27471 | Spider:3 | Killed Mara
 27807 | Spider:3 | Noticed Arachne
 27860 | Spider:3 | Killed Arachne
 27861 | Spider:3 | Reached skill level 5 in Throwing
 28350 | Spider:4 | Entered Level 4 of the Spider Nest
 28965 | Spider:4 | Noticed Asterion
 28988 | Spider:4 | Killed Asterion
 29008 | Spider:4 | Reached skill level 17 in Fighting
 29177 | Spider:4 | Reached XP level 18. HP: 145/154 MP: 18/18
 30648 | Spider:4 | Got a gossamer rune of Zot
 31206 | WizLab   | Identified the of Lixtedak
 31206 | Vaults:5 | Identified the "Kyubog"
 31206 | Elf:1    | Entered Level 1 of the Elven Halls
 31395 | Elf:1    | Noticed Louise
 31420 | Elf:1    | Killed Louise
 31603 | Elf:1    | Found a portal to a secret trove of treasure.
 31662 | Elf:1    | Identified the serpent talisman of Yesterday {Int+3}
 31662 | Elf:1    | Noticed Aizul
 31700 | Elf:1    | Killed Aizul
 31828 | Elf:1    | Paralysed by an air elemental for 1 turns
 32083 | Elf:1    | Found the +10 Black Knight's barding {ponderous, rPois rN+}
 32571 | Elf:2    | Identified the of Vuhu
 32850 | Elf:2    | Reached skill level 10 in Armour
 33239 | Elf:2    | Found a runed translucent gate.
 33239 | Elf:2    | Found a runed translucent gate.
 33250 | Elf:2    | Found a runed translucent gate.
 33477 | Elf:2    | Reached XP level 19. HP: 90/163 MP: 19/19
 33494 | Elf:2    | Reached skill level 18 in Fighting
 33745 | Elf:2    | HP: 4/163 [+1 glaive of venom (18)]
 34050 | Elf:3    | Identified the "Japloush"
 34050 | Elf:3    | Identified the "Wumopase"
 34050 | Elf:3    | Identified the "Suasofri"
 34050 | Elf:3    | Entered Level 3 of the Elven Halls
 34310 | Elf:3    | Killed from afar by a deep elf high priest

Illustrated notes

Levels and vault maps discovered:
D:1:      minmay_arrival_diagonal_passages, layout_loops_cross, serial_shops,
          shop, chequers_decorated_corner, minmay_nonomino_d4
D:2:      layout_basic
D:3:      layout_loops_ring, trog_hazing_becter, amcnicky_altar_gilded,
          cheibriados_altar_1, uniq_jessica, uniq_ijyb
D:4:      layout_gridville, grunt_temple_overflow_champion_of_chaos,
          minmay_temple_entry_waves
D:5:      layout_loops_ring, gup_sewer_entry_bubbles, uniq_edmund,
          uniq_blork_the_orc, uniq_duvessa
D:6:      layout_layer_cave
D:7:      layout_rooms, kennysheep_mini
D:8:      layout_rooms, enter_bailey_3, serial_aquarium, aquarium_bridge_square
          [aquarium_subvault_window, aquarium_subvault_window,
          aquarium_subvault_balcony, aquarium_subvault_bridge],
          aquarium_window_fake, aquarium_window_fake, aquarium_window_corner,
          aquarium_window_fake, aquarium_view_2d, aquarium_view_2b,
          amethyst_killhole
D:9:      hangedman_screamer, layout_basic, yredelemnul_altar_generic,
          doesnt_shop_hydraphobe
D:10:     layout_roguey, nicolae_vehumet_altar_sigil,
          due_lair_maze_entry_diamond, serial_shops,
          nicolae_shop_bloodbath_and_beyond, nicolae_shop_window_shopping,
          uniq_nergalle, uniq_amaemon
D:11:     layout_cave_pods, nicolae_shop_clearance
D:12:     layout_gridville, erik_orc_4, uniq_kirke
D:13:     layout_gridville, david_vaults_4, serial_shops, bzr_firewalk,
          moated_statue, uniq_snorg
D:14:     minmay_the_grid_triangle_9x9_rhombus_thin
          [minmay_the_grid_triangle_9x9_swiss_cheese,
          minmay_the_grid_triangle_9x9_prize_schism,
          minmay_the_grid_triangle_9x9_corruption,
          minmay_the_grid_triangle_9x9_empty], layout_rooms, fountainhead,
          uniq_frances
D:15:     hellmonk_depths_entry_around_the_bend, layout_gridville,
          hangedman_decor_growths, chequers_serial_rivers_micro_d
Temple:   dpeg_chambers_temple
Lair:1:   layout_regular_city, hellmonk_guarded_unrand_zhor, grunt_megastairs_3
Lair:2:   layout_loops_ring, mainiacjoe_swamp_entry_angry_trees,
          nicolae_spider_entry_orb_guardian
Lair:3:   layout_hall_layers, portal_ice_cave_rime, serial_bayou_pond_a,
          uniq_rupert
Lair:4:   layout_long_grid, dpeg_slime_entry_corner, grunt_megastairs_5,
          infiniplex_staircase_pool
Lair:5:   minmay_lair_end_frog_pond, layout_gridlike, grunt_megastairs_2,
          lemuel_fruit_tree
Swamp:1:  layout_basic_swamp, nicolae_swamp_trees_clearing, uniq_josephine
Swamp:2:  layout_falls_marsh, evilmike_swamp_ruin_house_5, swamp_pool_1_2
Swamp:3:  gammafunk_mikee_crab_dinner, layout_falls_marsh,
          nicolae_swamp_tree_designs, swamp_pool_1_2, grunt_lady_of_the_lake
Swamp:4:  swamp_basic_johnstein, layout_basic_swamp, nicolae_swamp_long_stream
Spider:1: nicolae_spider_mines_1, uniq_nikola
Spider:2: layout_spider_delve, uniq_azrael
Spider:3: layout_spider_delve, nicolae_spider_swamp_cousins, uniq_mara,
          uniq_arachne, uniq_jorgrun
Spider:4: hellmonk_spider_rune_bug_friends, uniq_asterion
Orc:1:    layout_diamond_mine
Orc:2:    grunt_orc_gardens, layout_diamond_mine, grunt_orc_garden,
          grunt_orc_garden, grunt_orc_garden, grunt_orc_garden, mines2_david
Elf:1:    eino_elf_arrival_customs, layout_loops_corners, enter_trove_0,
          minivault_28, uniq_aizul, uniq_louise
Elf:2:    elven_hall_of_blades_hangedman_original
          [nicolae_blade_entry_pointy_end], layout_geoelf_grid
Elf:3:    elf_hall, layout_gridlike

Skill      XL: |  1  2  3  4  5  6  7  8  9 10 11 12 13 14 15 16 17 18 19 |
---------------+----------------------------------------------------------+-----
Fighting       | 4 5 6 7 8 9 10 11 12 13 14 16 17 18 | 18.2
Axes           | 2 3 5 6 8 9 10 11 12 13 14 15 16 | 16.1
Evocations     | 1 2 3 4 5 6 7 8 9 10 11 | 11.4
Dodging        | 1 2 3 4 5 6 7 |  7.7
Shields        | 3 4 6 7 8 9 10 11 12 | 12.2
Armour         | 3 4 5 6 7 8 9 10 | 10.3
Throwing       | 2 3 4 5 6 |  6.0

Action                     |  1- 3 |  4- 6 |  7- 9 | 10-12 | 13-15 | 16-18 | 19-21 || total
---------------------------+-------+-------+-------+-------+-------+-------+-------++-------
  Melee: War axe           |   105 |   131 |   503 |  1131 |  2337 |  2529 |   221 ||  6957
         Hand axe          |       |       |       |       |    17 |   300 |       ||   317
  Throw: Javelin           |       |       |     9 |       |       |       |     7 ||    16
         Dart              |       |       |     3 |     6 |    26 |   116 |     1 ||   152
         Throwing net      |       |       |       |       |     1 |       |       ||     1
 Invoke: Potion Petition   |       |       |       |       |     5 |    12 |     4 ||    21
  Evoke: Wand              |       |       |    25 |     4 |     5 |    24 |     1 ||    59
         Phantom mirror    |       |       |       |       |     1 |     1 |       ||     2
         Phial of floods   |       |       |       |       |       |     2 |       ||     2
         Lightning rod     |       |       |       |       |       |     9 |       ||     9
         Box of beasts     |       |       |       |       |       |     2 |       ||     2
    Use: Scroll            |     1 |     4 |     6 |     2 |    11 |    10 |     6 ||    40
   Stab: Distracted        |       |       |       |     2 |     8 |    18 |       ||    28
         Confused          |       |       |       |       |       |     4 |       ||     4
         Invisible         |       |       |       |       |       |     5 |       ||     5
         Paralysed         |       |       |       |       |       |     1 |       ||     1
 Armour: Scale mail        |    78 |    46 |       |       |       |       |       ||   124
         Chain mail        |       |    39 |   382 |   961 |  2086 |  3058 |   237 ||  6763
  Dodge: Dodged            |    71 |    62 |   278 |   882 |  1877 |  2254 |    90 ||  5514
  Block: Buckler           |    32 |    63 |   301 |   510 |   851 |  1169 |    95 ||  3021
         Reflection        |       |     1 |     3 |     4 |       |       |       ||     8

Table legend: (Time is in decaauts)
 A = Elapsed time spent in this place.
 B = Non-inter-level travel time spent in this place.
 C = Inter-level travel time spent in this place.
 D = Time resting spent in this place.
 E = Time spent auto-exploring this place.
 F = Levels seen in this place.
 G = Mean time per level.
                   A        B        C        D        E       F      G
               +--------+--------+--------+--------+--------+-----+--------+
         Total |  33792 |  31916 |   1876 |   1492 |  18400 |  38 |  889.3 |
       Dungeon |  13249 |  12342 |    907 |    279 |   8118 |  15 |  883.3 |
        Temple |     54 |      1 |     53 |      0 |      0 |   1 |   54.0 |
          Lair |   5334 |   4943 |    391 |    115 |   3050 |   5 | 1066.8 |
         Swamp |   3298 |   3178 |    120 |     87 |   2042 |   4 |  824.5 |
   Spider Nest |   4909 |   4746 |    163 |    708 |   2073 |   4 | 1227.2 |
  Orcish Mines |   1738 |   1594 |    144 |    129 |    787 |   2 |  869.0 |
   Elven Halls |   2879 |   2784 |     95 |     73 |   1701 |   3 |  959.7 |
        Bazaar |     96 |     96 |      0 |      0 |     13 |   1 |   96.0 |
         Sewer |    664 |    664 |      0 |      0 |    177 |   1 |  664.0 |
        Bailey |    937 |    937 |      0 |    100 |    269 |   1 |  937.0 |
      Ice Cave |    630 |    630 |      0 |      0 |    166 |   1 |  630.0 |
               +--------+--------+--------+--------+--------+-----+--------+

Top non-repeatable levels by time:
Spider:4: 2086 daAuts
  Lair:5: 1445 daAuts
     D:5: 1430 daAuts
   Elf:2: 1353 daAuts
Spider:3: 1301 daAuts
   Elf:1: 1274 daAuts
     D:6: 1155 daAuts
    D:15: 1140 daAuts
 Swamp:4: 1104 daAuts
  Lair:4: 1101 daAuts
     D:9: 1090 daAuts
  Lair:1: 1078 daAuts
   Orc:2: 1075 daAuts
    D:13: 1040 daAuts
  Lair:2: 1018 daAuts
